[Event "Titled Tuesday Blitz April 18 Early 2023"]
[White "Kozin, Yuri"]
[Black "Svane, Frederik"]
[WhiteFideId "4129920"]
[BlackFideId "12923044"]
[WhiteElo "2613"]
[BlackElo "2502"]
[Result "1-0"]
[Round "04"]
[TimeControl "180+2"]
[Date "2023.04.18"]
[WhiteClock "0:00:14"]
[BlackClock "0:00:10"]

1. e4 c5 2. Nf3 Nc6 3. d4 cxd4 4. Nxd4 g6 5. Nc3 Bg7 6. Be3 Nf6 7. Bc4 O-O 8. Bb3 d6 9. h3 Na5 10. O-O a6 11. Re1 b5 12. Qd2 Bb7 13. Bh6 Nxb3 14. axb3 Bxh6 15. Qxh6 e5 16. Nf3 b4 17. Nd5 Bxd5 18. exd5 Re8 19. Ng5 e4 20. Rad1 Re5 21. Rd4 Qf8 22. Qxf8+ Kxf8 23. Nxe4 Rae8 24. f3 Nxd5 25. Ra1 Ne3 26. Rxd6 Rc8 27. Rd3 Nxc2 28. Rxa6 f5 29. Ng5 Ne3 30. Rd7 Rc1+ 31. Kf2 Rc2+ 32. Kg3 f4+ 33. Kxf4 Rf5+ 34. Kxe3 Rc8 35. Ne6+ Ke8 36. Rxh7 Re5+ 37. Kf4 Rf5+ 38. Kg4 Rf7 39. Rxf7 Kxf7 40. Ng5+ Kg7 41. Ra7+ Kf6 42. f4 Rc7 43. Ra6+ Ke7 44. Rxg6 Rc2 45. g3 Rxb2 46. Rb6 Rxb3 47. h4 Rb1 48. h5 b3 49. h6 b2 50. h7 Rh1 51. Rxb2 Kf6 52. Rb6+ Kg7 53. Rb7+ Kf6 54. Rb8 Kg6 55. Rg8+ Kf6 56. h8=Q+ Rxh8 57. Rxh8 Kg6 58. Ra8 Kg7 59. Ra6 Kg8 60. Ra7 Kf8 61. Kf5 Ke8 62. Ke6 Kd8 63. f5 Kc8 64. f6 Kb8 65. Rd7 Kc8 66. f7 Kb8 67. f8=Q# 1-0


[Site "https://www.chess.com"]

[Event "Titled Tuesday Blitz April 18 Early 2023"]
[White "Munkhgal, Gombosuren"]
[Black "Bryant, John Daniel"]
[WhiteFideId "4901266"]
[BlackFideId "2031280"]
[WhiteElo "2528"]
[BlackElo "2455"]
[Result "1/2-1/2"]
[Round "04"]
[TimeControl "180+2"]
[Date "2023.04.18"]
[WhiteClock "0:00:11"]
[BlackClock "0:00:04"]

1. d4 d5 2. c4 e6 3. Nf3 Nf6 4. g3 Be7 5. Bg2 O-O 6. O-O dxc4 7. Qc2 a6 8. a4 Bd7 9. Qxc4 Bc6 10. Bg5 Nbd7 11. Nc3 h6 12. Bxf6 Nxf6 13. Qd3 Bxf3 14. Bxf3 c6 15. Qc4 a5 16. Kg2 Qb6 17. Rab1 Rad8 18. e3 Rd7 19. h4 Rfd8 20. b3 Qb4 21. Na2 Qd6 22. Rfd1 e5 23. Nc3 exd4 24. Rxd4 Qb4 25. Qxb4 Bxb4 26. Ne2 Bc5 27. Rxd7 Rxd7 28. Rc1 Bb6 29. Rc4 Rd2 30. b4 Nd5 31. bxa5 Bxa5 32. Bxd5 Rxd5 33. Nd4 Bb6 34. Rb4 Bxd4 35. exd4 Rd7 36. Kf3 h5 37. Ke4 Kf8 38. Rb6 Re7+ 39. Kd3 Ke8 40. a5 Rc7 41. a6 bxa6 42. Rxa6 Kd7 43. Kc4 Rb7 44. Ra5 g6 45. Ra3 Rb2 46. Rf3 f5 47. d5 Kd6 48. dxc6 Kxc6 49. Kd4 Kd6 50. Rd3 Re2 51. Ra3 Rxf2 52. Ra6+ Ke7 53. Rxg6 f4 54. Ke5 fxg3 55. Rg7+ Kf8 56. Rxg3 Rh2 57. Kf6 Rxh4 58. Ra3 Rf4+ 59. Kg5 Rf1 60. Kxh5 Ke7 61. Re3+ Kf6 62. Kg4 Rg1+ 63. Kf3 Rg5 64. Ke2 Re5 65. Rxe5 Kxe5 1/2-1/2


[Site "https://www.chess.com"]

[Event "Titled Tuesday Blitz April 18 Early 2023"]
[White "Kim, Sergey"]
[Black "Sjugirov, Sanan"]
[WhiteFideId "13700570"]
[BlackFideId "4189302"]
[WhiteElo "2610"]
[BlackElo "2569"]
[Result "1-0"]
[Round "04"]
[TimeControl "180+2"]
[Date "2023.04.18"]
[WhiteClock "0:00:12"]
[BlackClock "0:00:03"]

1. d4 Nf6 2. c4 e6 3. Nc3 Bb4 4. Qc2 d5 5. a3 Bxc3+ 6. Qxc3 O-O 7. Nf3 b6 8. g3 dxc4 9. Qxc4 Ba6 10. Qc2 Bb7 11. Bg2 Nc6 12. e3 Ne7 13. O-O Be4 14. Qe2 Qd5 15. Ne1 c5 16. f3 Bg6 17. dxc5 Qxc5 18. b4 Qc3 19. Bb2 Qb3 20. e4 Rac8 21. Rc1 Rxc1 22. Bxc1 Rc8 23. Qd3 Qa4 24. Bb2 Nd7 25. Qd6 Re8 26. Nd3 Nf8 27. Rc1 Qb3 28. Qd4 f6 29. Qc3 Qa4 30. Qc7 Bf7 31. Bf1 Nfg6 32. Qc2 Qd7 33. Nf2 Rc8 34. Qd1 Qb7 35. Rxc8+ Qxc8 36. Qd4 Ne5 37. Be2 h6 38. f4 N5g6 39. Kg2 Nf8 40. Bf3 Neg6 41. Qd2 e5 42. Bg4 Qb7 43. f5 Ne7 44. Bf3 Qc7 45. Ng4 Nc8 46. Ne3 Nd6 47. Nd5 Qd8 48. Ne3 Qc7 49. Nd5 Qd8 50. Ne3 b5 51. g4 a6 52. Bc3 Qb6 53. Nd5 Qd8 54. Ne3 Qe7 55. Nd5 Bxd5 56. Qxd5+ Nf7 57. Bd2 Kh7 58. Be3 Nd7 59. Be2 Qe8 60. Qe6 Qc8 61. Qxf7 Nf8 62. Qd5 Nd7 63. Qe6 Qc7 64. Qd5 Nb6 65. Qc5 Qb7 66. Qxb6 Qxe4+ 67. Bf3 Qc2+ 68. Kg3 e4 69. Bg2 Qd3 70. Qd4 1-0


[Site "https://www.chess.com"]

[Event "Titled Tuesday Blitz April 18 Early 2023"]
[White "Terry, Renato"]
[Black "Bodnaruk, Anastasia"]
[WhiteFideId "3803457"]
[BlackFideId "4181751"]
[WhiteElo "2575"]
[BlackElo "2310"]
[Result "1-0"]
[Round "04"]
[TimeControl "180+2"]
[Date "2023.04.18"]
[WhiteClock "0:00:28"]
[BlackClock "0:00:02"]

1. e4 c5 2. Nf3 d6 3. Bb5+ Nd7 4. d4 cxd4 5. Qxd4 a6 6. Bxd7+ Bxd7 7. Bg5 Nf6 8. Nc3 e5 9. Qd3 Be6 10. O-O-O Rc8 11. Kb1 h6 12. Bxf6 Qxf6 13. Nd5 Qd8 14. Rd2 Rc5 15. b4 Rc6 16. Rhd1 Qc8 17. a3 Bxd5 18. Qxd5 Be7 19. Rc1 b5 20. c4 Rxc4 21. Rxc4 bxc4 22. Rc2 O-O 23. Rxc4 Qg4 24. Qd3 Qxg2 25. Rc2 Rb8 26. Ka2 Qg6 27. Nd2 Qe6+ 28. Ka1 Rd8 29. Qxa6 d5 30. Qxe6 fxe6 31. Kb2 Bg5 32. b5 d4 33. Kb3 d3 34. Rb2 Rf8 35. b6 Rb8 36. Nc4 d2 37. Kc2 Rc8 38. Rb4 Be7 39. b7 Rb8 40. Rb5 g5 41. Kxd2 Kg7 42. Nxe5 Bd6 43. Nc6 Re8 44. b8=Q Bxb8 45. Rxb8 1-0


[Site "https://www.chess.com"]

[Event "Titled Tuesday Blitz April 18 Early 2023"]
[White "Tasev, Dejan"]
[Black "Ibarra Jerez, Jose Carlos"]
[WhiteFideId "936618"]
[BlackFideId "2226332"]
[WhiteElo "2244"]
[BlackElo "2638"]
[Result "0-1"]
[Round "04"]
[TimeControl "180+2"]
[Date "2023.04.18"]
[WhiteClock "0:00:04"]
[BlackClock "0:01:08"]

1. e4 c5 2. Nf3 e6 3. Nc3 a6 4. g3 b5 5. Bg2 Bb7 6. d3 Nf6 7. a4 b4 8. Nb1 d5 9. exd5 Nxd5 10. O-O Be7 11. Nbd2 O-O 12. Nc4 Nc6 13. Re1 Bf6 14. Nfe5 Nxe5 15. Nxe5 Qc7 16. f4 g6 17. b3 Nc3 18. Qd2 Nd5 19. Bb2 Bg7 20. Qf2 Rfd8 21. Re2 Rac8 22. Rae1 Ne7 23. Nc4 Bxb2 24. Nxb2 Nf5 25. Nc4 Nd4 26. Re5 Bxg2 27. Qxg2 Rd5 28. Rf1 Rcd8 29. h4 h5 30. g4 hxg4 31. Qxg4 Kg7 32. h5 Rh8 33. hxg6 f6 34. Rxd5 exd5 35. Ne3 Rh6 36. Nf5+ Nxf5 37. Qxf5 Qe7 38. Kf2 Rh2+ 39. Kg3 Rxc2 40. Rf3 Qe1+ 41. Kg4 Rg2+ 42. Rg3 Qxg3+ 0-1


[Site "https://www.chess.com"]

[Event "Titled Tuesday Blitz April 18 Early 2023"]
[White "Hirneise, Jens"]
[Black "Lenderman, Aleksandr"]
[WhiteFideId "24614734"]
[BlackFideId "2021285"]
[WhiteElo "2345"]
[BlackElo "2607"]
[Result "0-1"]
[Round "04"]
[TimeControl "180+2"]
[Date "2023.04.18"]
[WhiteClock "0:00:11"]
[BlackClock "0:01:09"]

1. d4 g6 2. Bf4 Bg7 3. c3 d6 4. Nf3 Nc6 5. d5 Nb8 6. e3 Nf6 7. Be2 O-O 8. O-O c6 9. dxc6 Nxc6 10. Bg3 Qb6 11. Qb3 Be6 12. Qa3 Ne4 13. Nbd2 Nxg3 14. hxg3 Rfc8 15. Nd4 Bd7 16. Nc4 Qd8 17. Rad1 a6 18. Nxc6 Rxc6 19. Na5 Rc7 20. Bf3 Rb8 21. Nb3 Qc8 22. Qa5 Rc4 23. Bd5 Ra4 24. Qb6 Bc6 25. a3 Bxd5 26. Rxd5 Qc6 27. Qa7 Qxd5 28. Qxb8+ Bf8 29. Nd4 e5 30. Nf3 Qb5 31. Rd1 Kg7 32. Rd2 h6 33. Ne1 Rc4 34. Nd3 a5 35. Nc1 h5 36. Ne2 h4 37. gxh4 Rxh4 38. Ng3 a4 39. Qd8 Rg4 40. Qc8 Rc4 41. Qd8 Rg4 42. Qc8 Rg5 43. Ne4 Rf5 44. Nxd6 Bxd6 45. Rxd6 Qxb2 46. f3 Qc1+ 47. Kf2 Qc2+ 48. Kf1 Rh5 49. Kg1 Qc1+ 50. Kf2 Rh1 0-1


[Site "https://www.chess.com"]

[Event "Titled Tuesday Blitz April 18 Early 2023"]
[White "Gupta, Abhijeet"]
[Black "Lenaerts, Lennert"]
[WhiteFideId "5010608"]
[BlackFideId "211435"]
[WhiteElo "2528"]
[BlackElo "2334"]
[Result "1-0"]
[Round "04"]
[TimeControl "180+2"]
[Date "2023.04.18"]
[WhiteClock "0:01:35"]
[BlackClock "0:02:25"]

1. d4 d5 2. Nf3 Nf6 3. Bf4 c5 4. e3 e6 5. Nbd2 Nc6 6. c3 Bd6 7. Bg3 O-O 8. Bd3 b6 9. e4 Be7 10. e5 Nh5 11. Ng5 Bxg5 12. Qxh5 g6 13. Qe2 cxd4 14. h4 Bh6 15. h5 g5 16. Nf3 dxc3 17. bxc3 Bd7 18. O-O f5 19. exf6 Qxf6 20. Rae1 Bg7 21. Bb5 Rfe8 22. Bxc6 Bxc6 23. Be5 Qf5 24. Bxg7 Kxg7 25. Nd4 Qf6 26. Nxc6 e5 27. Nxe5 Re6 28. f4 gxf4 29. Qg4+ Kf8 30. Rxf4 1-0


[Site "https://www.chess.com"]

[Event "Titled Tuesday Blitz April 18 Early 2023"]
[White "Indjic, Aleksandar"]
[Black "MKlose11"]
[WhiteFideId "911925"]
[WhiteElo "2614"]
[BlackElo "2581"]
[Result "1/2-1/2"]
[Round "04"]
[TimeControl "180+2"]
[Date "2023.04.18"]
[WhiteClock "0:00:16"]
[BlackClock "0:00:09"]

1. Nf3 Nf6 2. c4 c5 3. g3 Nc6 4. Bg2 d6 5. O-O g6 6. b3 Bg7 7. Bb2 Bd7 8. d4 cxd4 9. Nxd4 O-O 10. Nc3 Qa5 11. Nd5 Nxd5 12. cxd5 Nxd4 13. Bxd4 Rfc8 14. Bxg7 Kxg7 15. Qd4+ f6 16. Qe3 Kf8 17. Rfc1 Qb6 18. Qh6+ Kg8 19. Qd2 Kf7 20. h4 Rxc1+ 21. Rxc1 Rc8 22. Bf3 Rxc1+ 23. Qxc1 Kg7 24. Qc3 Qc5 25. Qxc5 dxc5 26. e4 b6 27. Be2 g5 28. f4 gxf4 29. gxf4 e5 30. dxe6 Bxe6 31. Kf2 Kf8 32. Ke3 Ke7 33. Bc4 Bg4 34. e5 fxe5 35. fxe5 Bf5 36. a4 h6 37. Bd5 a6 38. Bc4 Be6 39. Ke4 b5 40. axb5 axb5 41. Bxb5 Bxb3 42. Be2 Be6 43. Bd1 Ba2 44. Kf5 Bb1+ 45. Kf4 c4 46. Ke3 c3 47. Bb3 Bf5 48. Ke2 Kd7 49. Ke3 Kc6 50. Ke2 Kc5 51. Kd1 Kb4 52. Ba2 Kc5 53. Bb3 Bg6 54. Bc2 Bh5+ 55. Kc1 Kd5 56. Bd3 Kxe5 57. Kc2 Kf4 58. Kxc3 Kg3 59. Kd4 Kxh4 60. Ke3 Kg3 61. Be4 Bf7 62. Bf3 Be6 63. Be2 Bg4 64. Bxg4 Kxg4 65. Kf2 h5 66. Kg1 Kh3 67. Kh1 Kg3 68. Kg1 h4 69. Kh1 h3 70. Kg1 h2+ 71. Kh1 Kh3 1/2-1/2


[Site "https://www.chess.com"]

[Event "Titled Tuesday Blitz April 18 Early 2023"]
[White "Yeletsky, Ivan"]
[Black "Ezat, Mohamed"]
[WhiteFideId "24180327"]
[BlackFideId "10600906"]
[WhiteElo "2422"]
[BlackElo "2386"]
[Result "1-0"]
[Round "04"]
[TimeControl "180+2"]
[Date "2023.04.18"]
[WhiteClock "0:01:44"]
[BlackClock "0:01:23"]

1. Nf3 Nf6 2. g3 g6 3. b4 Bg7 4. Bb2 O-O 5. c4 d6 6. d4 e5 7. dxe5 Ng4 8. Qc1 Nxe5 9. Nxe5 dxe5 10. Bg2 Nc6 11. b5 Nd4 12. Nc3 Be6 13. e3 Bxc4 14. exd4 exd4 15. Ne4 Bxb5 16. Qc5 Ba6 17. O-O-O b6 18. Qxd4 Bxd4 19. Rxd4 Qe7 20. Rd7 Qe6 21. Nf6+ Kg7 22. Ng4+ Kg8 23. Nh6# 1-0


[Site "https://www.chess.com"]

[Event "Titled Tuesday Blitz April 18 Early 2023"]
[White "djokovic74"]
[Black "Zakhartsov, Vladimir"]
[BlackFideId "4145097"]
[WhiteElo "2583"]
[BlackElo "2497"]
[Result "0-1"]
[Round "04"]
[TimeControl "180+2"]
[Date "2023.04.18"]
[WhiteClock "0:00:01"]
[BlackClock "0:00:26"]

1. e4 g6 2. d4 Bg7 3. Nf3 d6 4. Nc3 a6 5. Be2 b5 6. a4 b4 7. Nd5 a5 8. c3 e6 9. Ne3 Bb7 10. Qc2 Nf6 11. e5 Nfd7 12. Ng4 Nc6 13. Bg5 Qb8 14. Nf6+ Bxf6 15. Bxf6 Nxf6 16. exf6 Qd8 17. d5 exd5 18. Bb5 O-O 19. O-O Qxf6 20. Bxc6 Bxc6 21. cxb4 Bd7 22. b5 Rfc8 23. Qd2 c6 24. bxc6 Bxc6 25. Nd4 Bd7 26. b3 Rab8 27. Rac1 Rxc1 28. Rxc1 Rb4 29. Rd1 h5 30. f3 h4 31. h3 Qe5 32. Qd3 Bxh3 33. gxh3 Qg3+ 34. Kf1 Qxh3+ 35. Ke2 Qg2+ 36. Ke3 Rb8 37. Ne2 d4+ 38. Kd2 h3 39. Qxd4 h2 40. Qh4 Rxb3 41. Rc1 Rb2+ 42. Kc3 Qxe2 43. Kd4 Rb4+ 44. Kd5 Qe6+ 45. Kc6 Rxh4 0-1


[Site "https://www.chess.com"]

[Event "Titled Tuesday Blitz April 18 Early 2023"]
[White "Rustemov, Alexander"]
[Black "Vlassov, Nikolai"]
[WhiteFideId "4119002"]
[BlackFideId "4103360"]
[WhiteElo "2855"]
[BlackElo "2324"]
[Result "1-0"]
[Round "04"]
[TimeControl "180+2"]
[Date "2023.04.18"]
[WhiteClock "0:00:40"]
[BlackClock "0:00:03"]

1. Nf3 c5 2. c4 g6 3. g3 Bg7 4. Bg2 Nc6 5. O-O d6 6. Nc3 Nh6 7. d4 cxd4 8. Nxd4 Nxd4 9. Bxh6 Bxh6 10. Qxd4 O-O 11. Rfd1 Bg7 12. Qd2 Re8 13. Rac1 Qa5 14. Nd5 Qxd2 15. Rxd2 Rb8 16. b4 b6 17. b5 Bd7 18. Nb4 Rbc8 19. Bc6 Bxc6 20. Nxc6 a6 21. a4 Rc7 22. Nb4 axb5 23. axb5 Ra8 24. Na6 Rcc8 25. Rcc2 Kf8 26. e4 Ke8 27. Kg2 Ra7 28. f4 h5 29. Kf3 Raa8 30. Ke3 Ra7 31. Kd3 Raa8 32. Ra2 Ra7 33. Ra4 Kd7 34. Rda2 Rb7 35. Nb4 e6 36. Nc6 Bf8 37. Ra7 Rxa7 38. Rxa7+ Rc7 39. Ra6 Rb7 40. Ra8 Bg7 41. e5 dxe5 42. fxe5 Bh6 43. Kd4 Bg7 44. Rg8 Bh6 45. Rh8 Bc1 46. Rf8 Bb2+ 47. Ke4 Rc7 48. Rxf7+ Kc8 49. Rf6 Rd7 50. Rxe6 Rd2 51. h4 g5 52. hxg5 Rc2 53. Nd4 1-0


[Site "https://www.chess.com"]

[Event "Titled Tuesday Blitz April 18 Early 2023"]
[White "Kravtsiv, Martyn"]
[Black "Ibadov, Dashgyn"]
[WhiteFideId "14113147"]
[BlackFideId "24107514"]
[WhiteElo "2695"]
[BlackElo "2208"]
[Result "1-0"]
[Round "04"]
[TimeControl "180+2"]
[Date "2023.04.18"]
[WhiteClock "0:01:02"]
[BlackClock "0:00:12"]

1. b3 Nf6 2. Bb2 e6 3. c4 d5 4. Nf3 Be7 5. g4 b6 6. g5 Nh5 7. cxd5 exd5 8. Rg1 Be6 9. e3 O-O 10. Be2 g6 11. h4 c5 12. Ne5 d4 13. Bxh5 gxh5 14. Qxh5 Qd5 15. Ng4 Kh8 16. Nc3 dxc3 17. Bxc3+ f6 18. gxf6 Qxh5 19. fxe7+ Kg8 20. Nh6# 1-0


[Site "https://www.chess.com"]

[Event "Titled Tuesday Blitz April 18 Early 2023"]
[White "Costachi, Mihnea"]
[Black "arpita_chess"]
[WhiteFideId "1217518"]
[WhiteElo "2456"]
[BlackElo "2568"]
[Result "1-0"]
[Round "04"]
[TimeControl "180+2"]
[Date "2023.04.18"]
[WhiteClock "0:01:22"]
[BlackClock "0:00:18"]

1. Nc3 Nf6 2. e4 e5 3. Bc4 c6 4. Nf3 Bd6 5. d4 exd4 6. Qxd4 Qe7 7. O-O Bc5 8. Qd3 O-O 9. e5 Ne8 10. Bg5 d5 11. Bxe7 dxc4 12. Qd8 Nd7 13. Bxf8 Kxf8 14. Rad1 Be7 15. Rxd7 Bxd8 16. Rxd8 Ke7 17. Rfd1 Nc7 18. Rh8 h6 19. Ne4 Ne6 20. Nd6 Nf8 21. Nxc8+ Rxc8 22. Nd4 c5 23. Nf5+ Ke6 24. Nd6 Rd8 25. f4 g6 26. g4 b5 27. f5+ gxf5 28. gxf5+ Ke7 29. Re1 b4 30. Kf2 a5 31. Kf3 a4 32. Ke4 b3 33. cxb3 cxb3 34. axb3 axb3 35. Kd5 Rb8 36. f6+ Kd7 37. Ra1 Ne6 38. Rxb8 Nc7+ 39. Kxc5 Ne6+ 40. Kc4 1-0


[Site "https://www.chess.com"]

[Event "Titled Tuesday Blitz April 18 Early 2023"]
[White "Mammadov, Zaur"]
[Black "Han, Yichen"]
[WhiteFideId "13401033"]
[BlackFideId "1054430"]
[WhiteElo "2441"]
[BlackElo "2342"]
[Result "1-0"]
[Round "04"]
[TimeControl "180+2"]
[Date "2023.04.18"]
[WhiteClock "0:01:28"]
[BlackClock "0:00:31"]

1. e4 c5 2. c3 Nf6 3. e5 Nd5 4. Nf3 e6 5. d4 cxd4 6. cxd4 b6 7. Bd3 Bb7 8. O-O d6 9. Nc3 Nxc3 10. bxc3 Nd7 11. Bf4 dxe5 12. Nxe5 Nxe5 13. Bxe5 Qd5 14. f3 f6 15. Bg3 Qd7 16. Re1 e5 17. Qc2 g6 18. dxe5 Bc5+ 19. Kh1 O-O-O 20. Rad1 fxe5 21. Be4 Bxe4 22. Qxe4 Qb7 23. Qxe5 Rxd1 24. Rxd1 Rd8 25. Qe6+ 1-0


[Site "https://www.chess.com"]

[Event "Titled Tuesday Blitz April 18 Early 2023"]
[White "Gontcharov, Vladislav"]
[Black "Mekhitarian, Krikor Sevag"]
[WhiteFideId "4123492"]
[BlackFideId "2107660"]
[WhiteElo "2420"]
[BlackElo "2604"]
[Result "0-1"]
[Round "04"]
[TimeControl "180+2"]
[Date "2023.04.18"]
[WhiteClock "0:00:03"]
[BlackClock "0:00:10"]

1. d4 Nf6 2. c4 g6 3. Nc3 d5 4. cxd5 Nxd5 5. e4 Nxc3 6. bxc3 Bg7 7. Bc4 O-O 8. Ne2 c5 9. O-O Nc6 10. Be3 Bg4 11. f3 Bd7 12. dxc5 Qc7 13. Rb1 Rad8 14. Bd5 Na5 15. Qc2 e6 16. Bb3 Rfe8 17. Ba4 Nc4 18. Bg5 Qxc5+ 19. Kh1 Qxg5 20. Bxd7 Rxd7 21. Qa4 b5 22. Rxb5 Qe3 23. Qxc4 Rd2 24. Ng3 Qxc3 25. Qxc3 Bxc3 26. e5 a6 27. Rc5 Bd4 28. Ra5 Bc3 29. Rxa6 Bxe5 30. Ne4 Rc2 31. Ra5 Bg7 32. h4 Rb8 33. Ra7 h6 34. Nd6 Rbb2 35. Ra8+ Kh7 36. Rd1 Rxg2 37. Nxf7 Rh2+ 38. Kg1 Rbg2+ 39. Kf1 Rf2+ 40. Kg1 Rhg2+ 41. Kh1 Rh2+ 42. Kg1 Rfg2+ 43. Kf1 Rxa2 44. Kg1 Rhg2+ 45. Kh1 Rh2+ 46. Kg1 Rag2+ 47. Kf1 Rb2 48. Kg1 Rhg2+ 49. Kh1 Rgd2 50. Rxd2 Rxd2 51. Ra7 Kg8 52. f4 Rd5 53. Kg2 Rf5 54. Nd6 Rxf4 55. Ne8 Be5 56. Re7 Rf5 57. Rxe6 Kf7 58. Rxe5 Rxe5 59. Nd6+ Kg7 60. Kg3 Re6 61. Nc4 Kf6 62. Nd2 Ra6 63. Ne4+ Kf5 64. Nc5 Rc6 65. Nd7 Rc7 66. Nb6 Rc3+ 67. Kg2 Rc6 68. Nd5 Rd6 69. Ne3+ Kf4 70. Nf1 Kg4 71. h5 Kxh5 72. Ng3+ Kg4 73. Ne4 Re6 74. Nc5 Re7 75. Nd3 Kf5 76. Kf3 g5 77. Nf2 h5 78. Kg3 Re3+ 79. Kg2 Re2 80. Kf3 Ra2 81. Nd1 Ra3+ 82. Kg2 h4 83. Kh2 g4 84. Nb2 Ra2 0-1


[Site "https://www.chess.com"]

[Event "Titled Tuesday Blitz April 18 Early 2023"]
[White "Rodshtein, Maxim"]
[Black "Moksh Amit Doshi"]
[WhiteFideId "2806851"]
[BlackFideId "25064967"]
[WhiteElo "2555"]
[BlackElo "2297"]
[Result "1-0"]
[Round "04"]
[TimeControl "180+2"]
[Date "2023.04.18"]
[WhiteClock "0:00:30"]
[BlackClock "0:00:17"]

1. e4 e5 2. Nf3 Nc6 3. Bc4 Bc5 4. d3 Nf6 5. Nc3 a6 6. h3 h6 7. a3 d6 8. Be3 Bxe3 9. fxe3 O-O 10. O-O Be6 11. b3 d5 12. exd5 Nxd5 13. Bxd5 Bxd5 14. e4 Be6 15. Qd2 Qe7 16. Ne2 Rad8 17. Qc3 Qd6 18. b4 Rfe8 19. Rf2 a5 20. b5 Nd4 21. Nexd4 exd4 22. Qxa5 Ra8 23. Qe1 Ra4 24. Rf1 Rea8 25. Qf2 Bd7 26. Rab1 Be8 27. Rb4 Rxb4 28. axb4 Qxb4 29. Nxd4 Ra2 30. Nf5 Qc3 31. Qg3 Kh8 32. e5 g6 33. Nxh6 Ra1 34. Rxa1 Qxa1+ 35. Kh2 Qc3 36. Ng4 Qxc2 37. Qh4+ Kg8 38. Nf6+ Kf8 39. Qh8+ 1-0


[Site "https://www.chess.com"]

[Event "Titled Tuesday Blitz April 18 Early 2023"]
[White "Skatchkov, Valery"]
[Black "Ashraf, Artin"]
[WhiteFideId "24195812"]
[BlackFideId "22514805"]
[WhiteElo "2262"]
[BlackElo "2188"]
[Result "1-0"]
[Round "04"]
[TimeControl "180+2"]
[Date "2023.04.18"]
[WhiteClock "0:01:40"]
[BlackClock "0:00:01"]

1. d4 Nf6 2. c4 g6 3. Nc3 Bg7 4. e4 d6 5. h3 O-O 6. Bg5 e5 7. dxe5 dxe5 8. Qxd8 Rxd8 9. Nd5 Rxd5 10. exd5 c6 11. O-O-O cxd5 12. cxd5 Bf5 13. Bd3 Nbd7 14. Ne2 Rc8+ 15. Kb1 e4 16. Bc2 Nb6 17. Nc3 Rxc3 18. bxc3 Nfxd5 19. Kc1 h6 20. c4 Nc3 21. Rd8+ Kh7 22. Bd2 Nxc4 23. Bxc3 Bxc3 24. g4 Bf6 25. gxf5 Bxd8 26. fxg6+ fxg6 27. Bxe4 b6 28. Rd1 Bg5+ 29. Kc2 Ne5 30. Rd6 Kg7 31. h4 Bxh4 32. f4 Nf7 33. Rxg6+ Kf8 34. Bd5 h5 35. Kd3 1-0


[Site "https://www.chess.com"]

[Event "Titled Tuesday Blitz April 18 Early 2023"]
[White "Fier, Alexandr"]
[Black "benny_aizenberg"]
[WhiteFideId "2107139"]
[WhiteElo "2610"]
[BlackElo "2558"]
[Result "1-0"]
[Round "04"]
[TimeControl "180+2"]
[Date "2023.04.18"]
[WhiteClock "0:00:42"]
[BlackClock "0:00:01"]

1. d4 f5 2. Nc3 Nf6 3. Bg5 d5 4. f3 Nbd7 5. Qd2 h6 6. Bf4 g5 7. Bg3 Bg7 8. h4 f4 9. Bf2 e5 10. e3 exd4 11. exd4 Qe7+ 12. Be2 Nb6 13. O-O-O Bf5 14. Bb5+ c6 15. Re1 Be6 16. Bd3 Kd7 17. Nh3 Ne8 18. hxg5 hxg5 19. g3 Qf6 20. g4 Nd6 21. Rh2 Rh6 22. b3 Rah8 23. Reh1 Bf7 24. Bg1 Nbc8 25. Bf1 Ne7 26. Re2 Ng6 27. Na4 b6 28. Re1 Nh4 29. Qf2 Bg6 30. Nb2 c5 31. Nd3 Qxd4 32. Qxd4 cxd4 33. Nxg5 Bf6 34. Ne5+ Bxe5 35. Rxe5 Kc6 36. Re6 Kd7 37. Rf6 Ne8 38. Rxf4 1-0


[Site "https://www.chess.com"]

[Event "Titled Tuesday Blitz April 18 Early 2023"]
[White "Al-Tarboush, Ward"]
[Black "Hambleton, Aman"]
[WhiteFideId "7601450"]
[BlackFideId "2606577"]
[WhiteElo "2265"]
[BlackElo "2511"]
[Result "0-1"]
[Round "04"]
[TimeControl "180+2"]
[Date "2023.04.18"]
[WhiteClock "0:00:05"]
[BlackClock "0:00:13"]

1. e4 b6 2. d4 Bb7 3. Bd3 e6 4. Nf3 d5 5. exd5 Qxd5 6. Nc3 Bb4 7. O-O Bxc3 8. bxc3 Nf6 9. Ba3 Nbd7 10. c4 Qa5 11. Bb2 Qh5 12. d5 O-O-O 13. a4 exd5 14. cxd5 Nxd5 15. a5 Nf4 16. axb6 axb6 17. Ba6 Bxa6 18. Rxa6 Nb8 19. Qa1 Qg4 20. Ne1 Nh3+ 21. Kh1 Qc4 22. Nd3 Qxa6 23. Qxa6+ Nxa6 24. gxh3 f6 25. Nf4 Rhe8 26. Nh5 Rd7 27. Rg1 Ree7 28. Bc3 Nc5 29. Bb4 f5 30. c4 g6 31. Bxc5 bxc5 32. Nf4 Re4 33. Nd5 Rxc4 34. Nf6 Rf7 35. Ng8 Rf8 36. Ne7+ Kd7 37. Nd5 Kd6 38. Ne3 Rd4 39. Kg2 Rb8 40. Nc2 Rd2 41. Na3 Kd5 42. Nb1 Rc2 43. Rd1+ Kc6 44. Na3 Rc3 45. Nb1 Rcb3 46. Nd2 Rd3 47. Kf1 Rbd8 48. Ke2 Rxd2+ 49. Rxd2 Rxd2+ 50. Kxd2 Kd5 51. Kc3 Ke4 0-1


[Site "https://www.chess.com"]

[Event "Titled Tuesday Blitz April 18 Early 2023"]
[White "Szpar, Milosz"]
[Black "Aizpurua, Patrick Emilio"]
[WhiteFideId "1184989"]
[BlackFideId "6600522"]
[WhiteElo "2436"]
[BlackElo "2378"]
[Result "1-0"]
[Round "04"]
[TimeControl "180+2"]
[Date "2023.04.18"]
[WhiteClock "0:00:33"]
[BlackClock "0:01:49"]

1. e4 c5 2. Nf3 e6 3. d4 cxd4 4. Nxd4 Nc6 5. Nc3 Qc7 6. Qd3 Nf6 7. Ndb5 Qb8 8. Qg3 d6 9. Be3 a6 10. Nd4 Bd7 11. Bd3 Ne5 12. O-O Qc7 13. Kh1 Rc8 14. f4 Nxd3 15. cxd3 b5 16. e5 Nh5 17. Qf3 g6 18. Rac1 Qb8 19. g4 Ng7 20. Ne4 Rxc1 21. Nf6+ Kd8 22. Rxc1 d5 23. Nxd5 exd5 24. Qxd5 Ke8 25. Rc6 Bxg4 26. Rxa6 Bd7 27. Ra8 1-0


[Site "https://www.chess.com"]

[Event "Titled Tuesday Blitz April 18 Early 2023"]
[White "Pajeken, Jakob Leon"]
[Black "Beerdsen, Thomas"]
[WhiteFideId "12942839"]
[BlackFideId "1030108"]
[WhiteElo "2414"]
[BlackElo "2547"]
[Result "1/2-1/2"]
[Round "04"]
[TimeControl "180+2"]
[Date "2023.04.18"]
[WhiteClock "0:00:03"]
[BlackClock "0:00:22"]

1. e4 c5 2. Nf3 Nc6 3. Bb5 Na5 4. Be2 e6 5. O-O Nc6 6. d4 cxd4 7. Nxd4 Qc7 8. Nb5 Qb8 9. c4 Nf6 10. N1c3 a6 11. Na3 h5 12. h3 Bc5 13. Nc2 Qe5 14. Be3 Bxe3 15. Nxe3 Nxe4 16. Nxe4 Qxe4 17. c5 Qd4 18. Qc1 b6 19. cxb6 Qxb6 20. Nc4 Qc5 21. Rd1 d5 22. Qg5 O-O 23. Rac1 Qe7 24. Qxh5 dxc4 25. Rxc4 g6 26. Qh6 Rd8 27. Rxc6 Rxd1+ 28. Bxd1 Bb7 29. Rc1 Rd8 30. Qe3 Bd5 31. Bb3 Ba8 32. f3 Qf6 33. Rc2 Rd1+ 34. Kh2 Kg7 35. Rc8 Rd8 36. Rxd8 Qxd8 37. Qc3+ Kg8 38. Qe5 a5 39. Ba4 Bd5 40. Bb3 Bc6 41. Bc2 Be8 42. Be4 a4 43. a3 Qh4 44. Qg3 Qf6 45. Qf2 Kg7 46. g3 g5 47. f4 gxf4 48. gxf4 Kf8 49. Qd2 Qh4 50. Bg2 Bb5 51. Qb4+ Kg8 52. Qxb5 Qxf4+ 53. Kg1 Qe3+ 54. Kh1 Qc1+ 55. Bf1 e5 56. Qe2 e4 57. Qg2+ Kf8 58. Kh2 Qf4+ 59. Kh1 e3 60. Be2 Qe5 61. Qa8+ Kg7 62. Qg2+ Kf8 63. Bf3 Qd4 64. Qe2 f5 65. Kg2 f4 66. Bg4 Qe4+ 67. Bf3 Qg6+ 68. Kh1 Qg3 69. Bg2 Qh4 70. Qf3 Qe1+ 71. Qf1 Qg3 72. Qf3 Qh4 73. Qe2 Ke7 74. Qf3 Kf6 75. Qc6+ Kg7 76. Qd7+ Kh6 77. Qe6+ Kg7 78. Qd7+ Kf8 79. Qd6+ Kg7 80. Qe5+ Kf8 81. Qf5+ Ke7 82. Qe4+ Kd8 83. Qd4+ Kc7 84. Qc5+ Kd8 85. Qd6+ Ke8 86. Bc6+ Kf7 87. Bd5+ Kg7 88. Qe5+ Kf8 89. Qd6+ Kg7 90. Qd7+ Kh6 91. Qe6+ Kg7 92. Qd7+ Kh6 93. Qd6+ Kg7 1/2-1/2


[Site "https://www.chess.com"]